 Dungeon Crawl Stone Soup version 0.30-a0-636-g200c5c4a83 (webtiles) character file.

Game seed: 17316713575336534278

11813 Rrauwl the Severer (level 11, -15/93 HPs)
             Began as a Hill Orc Monk on Jan 15, 2023.
             Was a Believer of Ru.
             Demolished by a catoblepas (19 damage)
             ... on level 2 of the Lair of Beasts.
             The game lasted 00:55:23 (11991 turns).

Rrauwl the Severer (Hill Orc Monk)                 Turns: 11991, Time: 00:55:23

Health: -15/93     AC: 15    Str: 18 (19) XL:     11   Next: 83%
Magic:  20/20      EV: 10    Int: 12 (13) God:    Ru [**....]
Gold:   509        SH:  5    Dex: 12 (13) Spells: 10/10 levels left

rFire   . . .      SeeInvis .    a - +0 war axe
rCold   . . .      Faith    .    b - +0 buckler
rNeg    . . .      Spirit   .    j - +3 scale mail {rPois}
rPois   +          Reflect  .    h - +0 helmet
rElec   +          Harm     .    x - +1 cloak "Vuopsemp" {rElec Int+3}
rCorr   .          Rampage  .    (no gloves)
Will    .....                    (no boots) Stlth
                                 n - amulet of regeneration
HPRegen 1.15/turn                m - ring of magical power
MPRegen 0.17/turn                (no ring)

@: unable to drink
A: inability to drink after injury 2, hated by all, deterioration 1, frail 1,
electricity resistance
a: Renounce Religion, Sacrifice Artifice, Sacrifice Health, Sacrifice Essence,
Reject Sacrifices


You were on level 2 of the Lair of Beasts.
You worshipped Ru.
Ru was pleased with you.
You visited 3 branches of the dungeon, and saw 12 of its levels.

You collected 727 gold pieces.
You spent 218 gold pieces at shops.

Inventory:

Hand Weapons
 a - a +0 war axe (weapon)
 c - a +2 sling of electrocution
 u - a +2 whip of flaming
Missiles
 l - 8 poisoned darts
Armour
 b - a +0 buckler (worn)
 h - a +0 helmet (worn)
 j - a +3 scale mail of poison resistance (worn)
 x - the +1 cloak "Vuopsemp" (worn) {rElec Int+3}
   (You bought it in a shop on level 7 of the Dungeon)

   Int:       It affects your intelligence (+3).
   rElec:     It insulates you from electricity.
Jewellery
 d - the ring of the Scavenger {Ice rN++}
   (You took it off an orc priest on level 8 of the Dungeon)

   [ring of ice]

   It enhances your ice magic.
   rF:        It makes you vulnerable to fire.
   rC:        It protects you from cold.
   rN:        It greatly protects you from negative energy.
 k - an amulet of faith
 m - a ring of magical power (left hand)
 n - an amulet of regeneration (around neck)
 v - an amulet of guardian spirit
Wands
 e - a wand of flame (24)
 r - a wand of mindburst (2)
 B - a wand of paralysis (1)
Scrolls
 f - a scroll of teleportation
 g - 2 scrolls of enchant weapon
 i - a scroll of magic mapping
 o - a scroll of fear
 w - a scroll of immolation
Potions
 p - a potion of magic
 q - 4 potions of curing
 t - a potion of cancellation
 z - a potion of lignification


   Skills:
 - Level 12.0 Fighting
 - Level 16.0 Axes
 + Level 9.6 Armour
 - Level 3.0 Dodging
 - Level 2.0 Stealth
 - Level 5.0 Shields


You had 10 spell levels left.
You didn't know any spells.
Your spell library contained the following spells:

 Spells                   Type           Power      Damage    Failure   Level
 Beastly Appendage        Tmut           0%         N/A       73%         1
 Passwall                 Tmut/Erth      0%         N/A       86%         2
 Wereblood                Tmut           0%         N/A       86%         2
 Ignite Poison            Fire/Tmut/Pois 0%         N/A       97%         3
 Spider Form              Tmut/Pois      0%         N/A       97%         3
 Blade Hands              Tmut           0%         N/A       100%        5


Dungeon Overview and Level Annotations

Branches:
Dungeon (9/15)             Temple (1/1) D:4            Lair (2/5) D:9
  Swamp: Lair:2-3    Shoals: Lair:2-3     Snake: Lair:2-3    Spider: Lair:2-3
    Orc: D:9-12

Altars:
Ashenzari
Cheibriados
Dithmenos
Elyvilon
Gozag
Kikubaaqudgha
Nemelex Xobeh
Ru
Sif Muna
Trog
Uskayaw
Vehumet
Wu Jian
Xom
Zin

Shops:
D:7 [

Annotations:
D:7 2 transporters, tjtr's ghost, novice GnWn
D:9 3 runed translucent doors, M4edhros's ghost, journeyman OpAr
Lair:1 1 runed translucent door, Xaon's ghost, novice AtBe


Innate Abilities, Weirdness & Mutations

You sometimes lose the ability to drink potions when taking damage.
You are hated by all.
Your body sometimes deteriorates upon taking damage.
You are frail. (-10% HP)
You are resistant to electric shocks. (rElec)


Message History

Aiming: Iceblast
Press: ? - help, Shift-Dir - straight line, f/p - catoblepas
Aim: a catoblepas (heavily wounded, very poisoned)
Okay, then.
Aiming: Mindburst
Press: ? - help, Shift-Dir - straight line, f/p - catoblepas
Aim: a catoblepas (heavily wounded, very poisoned, chance to affect: 6%)
Okay, then.
Aiming: Iceblast
Press: ? - help, Shift-Dir - straight line, f/p - catoblepas
Aim: a catoblepas (heavily wounded, very poisoned)
The mass of ice explodes!
The iceblast engulfs the catoblepas!
The catoblepas is severely wounded.
You hit the catoblepas but do no damage.
The catoblepas is severely wounded.
The catoblepas gores you!!
You feel threatened and lose the ability to drink potions!
* * * LOW HITPOINT WARNING * * *
Your body deteriorates!
You feel weakened.
You hit the catoblepas.
The catoblepas is severely wounded.
The catoblepas gores you!
* * * LOW HITPOINT WARNING * * *
You slash the catoblepas!
The catoblepas is almost dead.
The catoblepas begins to attack, but is stunned by your conviction!
You completely miss the catoblepas.
The catoblepas is almost dead.
The catoblepas gores you!
* * * LOW HITPOINT WARNING * * *
Aiming: Paralyse
Press: ? - help, Shift-Dir - straight line, f/p - catoblepas
Aim: a catoblepas (almost dead, very poisoned, chance to affect: 1%)
Okay, then.
Aiming: Iceblast
Press: ? - help, Shift-Dir - straight line, p - catoblepas The mass of ice explodes!
The iceblast engulfs the catoblepas!
The catoblepas is almost dead.
The now-empty wand crumbles to dust.
The catoblepas gores you!!
You die...

#...$...(Y§........#.#PP#P
.........(#.........#......
........#..#.#.PP#.P#......
h.......#..................
.........>......#.#..P.#P..
.#.......(.....#.########..
.....##........### ##.
..........Y<....# ####.
.......@.....#######.##.
...............P##..###.
...$...............<....
##########..##.####P.###
####### ####


You could see a catoblepas (very poisoned).

Vanquished Creatures
  A catoblepas (D:8)
  A boulder beetle (D:8)
  A two-headed ogre (D:8)
  Sonja (Lair:1)
  An ugly thing (D:8)
  4 cane toads (Lair:1)
  An unseen horror (D:8)
  A rime drake (Lair:2)
  4 komodo dragons
  2 burning bushes (Lair:1)
  2 hornets (D:9)
  Sigmund (D:2)
  A wyvern (D:7)
  2 wraiths
  A basilisk (Lair:1)
  7 yaks
  Edmund (D:5)
  A water moccasin (D:6)
  2 ice beasts
  4 orc warriors
  6 wolves (Lair:2)
  6 centaurs
  A phantom (D:6)
  A kobold brigand (D:7)
  5 bullfrogs
  A gnoll sergeant (D:6)
  A scorpion (D:5)
  5 wights (D:6)
  3 killer bees (D:9)
  5 howler monkeys
  4 jellies
  2 hounds
  3 orc priests
  3 iguanas
  9 orc wizards
  17 gnolls
  4 adders
  A shadow imp (D:7)
  2 ufetubi
  3 worms
  57 orcs
  5 ball pythons
  8 bats
  10 endoplasms
  3 giant cockroaches
  6 goblins
  5 hobgoblins
  9 jackals
  4 quokkas
  5 frilled lizards
  11 kobolds
  7 rats
251 creatures vanquished.

Vanquished Creatures (others)
  An orc wizard (D:5)
  2 orcs (D:9)
  4 fungi
  19 plants
26 creatures vanquished.

Grand Total: 277 creatures vanquished

Notes
Turn   | Place    | Note
-------+----------+-------------------------------------------
     0 | D:1      | Rrauwl the Hill Orc Monk began the quest for the Orb.
     0 | D:1      | Reached XP level 1. HP: 19/19 MP: 1/1
    57 | D:1      | Reached XP level 2. HP: 27/27 MP: 2/2
   603 | D:1      | Reached XP level 3. HP: 33/33 MP: 3/3
   819 | D:2      | Noticed Sigmund
  1372 | D:2      | Reached XP level 4. HP: 41/41 MP: 4/4
  2028 | D:3      | Reached skill level 5 in Axes
  2289 | D:3      | Reached XP level 5. HP: 30/47 MP: 5/5
  2445 | D:2      | Killed Sigmund
  2446 | D:2      | Reached skill level 6 in Axes
  2446 | D:2      | Reached XP level 6. HP: 17/57 MP: 6/6
  2745 | D:4      | Found a staircase to the Ecumenical Temple.
  2745 | D:4      | You fall into a shaft and drop 3 floors!
  2761 | D:7      | Reached skill level 7 in Axes
  2767 | D:7      | Reached XP level 7. HP: 40/64 MP: 7/7
  2901 | D:7      | Reached skill level 8 in Axes
  3053 | D:7      | Found a transporter.
  3053 | D:7      | Noticed tjtr's ghost (novice GnWn)
  3053 | D:7      | Noticed a moth of wrath
  3056 | D:7      | Noticed a yak
  3056 | D:7      | Noticed an eight-headed hydra
  3068 | D:7      | Found a transporter.
  3170 | D:7      | Got the Textbook on the Metamorphic Arsonist
  3415 | D:5      | Entered Level 5 of the Dungeon
  3634 | D:6      | Reached XP level 8. HP: 68/74 MP: 8/8
  3677 | D:6      | Reached skill level 9 in Axes
  3932 | D:6      | HP: 1/74 [wight/+0 scimitar (4)]
  4222 | D:6      | Reached skill level 10 in Axes
  5253 | Temple   | Entered the Ecumenical Temple
  5456 | Temple   | Became a worshipper of Ru the Awakened
  5466 | D:4      | Gained mutation: You are hated by all. [Ru sacrifice]
  5466 | D:4      | Reached * piety under Ru
  5547 | D:5      | Reached XP level 9. HP: 43/85 MP: 9/9
  5709 | D:5      | Reached skill level 10 in Fighting
  5802 | D:5      | Reached skill level 11 in Axes
  5924 | D:5      | Found a runed translucent door.
  6001 | D:5      | Noticed Edmund
  6027 | D:5      | Killed Edmund
  7352 | D:7      | Found Kiczatai's Antique Armour Shop.
  7358 | D:7      | Bought a translucent cloak for 218 gold pieces
  7358 | D:7      | Identified the +1 cloak "Vuopsemp" {rElec Int+3} (You
                  | bought it in a shop on level 7 of the Dungeon)
  7405 | D:7      | Reached skill level 12 in Axes
  8182 | D:8      | Noticed a two-headed ogre
  8217 | D:8      | Reached skill level 1 in Shields
  8226 | D:7      | Reached skill level 1 in Armour
  8303 | D:8      | Gained mutation: You occasionally lose the ability to read
                  | scrolls when taking damage. [potion of mutation]
  8303 | D:8      | Gained mutation: Your mind is acute. (Int +4, Str/Dex -1)
                  | [potion of mutation]
  8303 | D:8      | Gained mutation: You expend magic power (3 MP) to
                  | strengthen your wands. [potion of mutation]
  8310 | D:8      | Killed a two-headed ogre
  8311 | D:8      | Reached XP level 10. HP: 71/97 MP: 6/10
  8327 | D:8      | Noticed a brown ugly thing
  8461 | D:8      | Killed an unseen horror
  8562 | D:8      | Identified the ring of the Scavenger {Ice rN++}
  8734 | D:8      | Killed a brown ugly thing
  8735 | D:8      | Reached skill level 13 in Axes
  8885 | D:8      | Noticed a boulder beetle
  8926 | D:8      | Killed a boulder beetle
  8995 | D:8      | Noticed a catoblepas
  9024 | D:8      | Killed a catoblepas
  9025 | D:8      | Reached skill level 5 in Armour
  9108 | D:8      | Reached skill level 5 in Shields
  9126 | D:8      | Reached skill level 14 in Axes
  9590 | D:9      | Gained mutation: You occasionally lose the ability to drink
                  | potions when taking damage. [Ru sacrifice]
  9590 | D:9      | Gained mutation: You sometimes lose the ability to drink
                  | potions when taking damage. [Ru sacrifice]
  9590 | D:9      | Reached ** piety under Ru
  9618 | D:9      | Reached XP level 11. HP: 95/104 MP: 11/11
  9665 | D:9      | Found a runed translucent gate.
  9666 | D:9      | Found a runed translucent gate.
  9672 | D:9      | Found a runed translucent gate.
  9675 | D:9      | Noticed M4edhros's ghost (journeyman OpAr)
  9728 | D:9      | Reached skill level 15 in Axes
 10196 | D:9      | Found a staircase to the Lair.
 10319 | Lair:1   | Entered Level 1 of the Lair of Beasts
 10505 | D:9      | Reached skill level 16 in Axes
 10760 | Lair:1   | Noticed Sonja
 10818 | Lair:1   | Killed Sonja
 11020 | Lair:1   | Found a runed translucent door.
 11020 | Lair:1   | Noticed Xaon's ghost (novice AtBe)
 11207 | Lair:1   | Lost mutation: You occasionally lose the ability to read
                  | scrolls when taking damage. [potion of mutation]
 11207 | Lair:1   | Lost mutation: You expend magic power (3 MP) to strengthen
                  | your wands. [potion of mutation]
 11207 | Lair:1   | Lost mutation: Your mind is acute. (Int +4, Str/Dex -1)
                  | [potion of mutation]
 11207 | Lair:1   | Gained mutation: You are frail. (-10% HP) [potion of
                  | mutation]
 11207 | Lair:1   | Gained mutation: You are resistant to electric shocks.
                  | (rElec) [potion of mutation]
 11207 | Lair:1   | Gained mutation: Your body sometimes deteriorates upon
                  | taking damage. [potion of mutation]
 11933 | Lair:2   | Noticed a catoblepas
 11990 | Lair:2   | HP: 3/93 [catoblepas (13)]
 11991 | Lair:2   | Demolished by a catoblepas

Illustrated notes

Levels and vault maps discovered:
D:1:      scummos_arrival_star, layout_loops_ring
D:2:      layout_basic, serial_forest, infiniplex_forest_clump_tiny,
          infiniplex_forest_zigzag_1, infiniplex_forest_lined_room_,
          infiniplex_forest_clump_medium, infiniplex_forest_lined_3,
          infiniplex_forest_clump_small, infiniplex_forest_lined_2, uniq_sigmund
D:3:      layout_rooms, minmay_fountain_box, roderic_roman_lattice
D:4:      layout_basic, temple_fountains, minmay_stone_trees_small,
          minmay_bisected
D:5:      layout_basic, lightli_church_of_beogh, uniq_edmund
D:6:      layout_basic
D:7:      layout_loops_ring, gammafunk_ghost_berserking_beasts, serial_shops,
          shop
D:8:      layout_cave_pools, kb_rosetta
D:9:      layout_roguey [special_room_orc], david_lair_shrubbed,
          gammafunk_ghost_spectres
Temple:   nicolae_temple_bog_church
Lair:1:   layout_chaotic_city, ebering_ghost_reflecting_pool, evilmike_ambush
          [evilmike_ambush_outer_corners, evilmike_ambush_inner_basic],
          infiniplex_staircase_pool_2, uniq_sonja
Lair:2:   layout_chaotic_city, nicolae_snake_entry_warm_welcome,
          enter_volcano_2, grunt_forest_small_clearing_treed

Skill      XL: |  1  2  3  4  5  6  7  8  9 10 11 |
---------------+----------------------------------+-----
Stealth        | 2 |  2.0
Fighting       | 4 6 8 9 11 12 | 12.0
Dodging        | 3 |  3.0
Axes           | 5 6 7 8 10 12 14 16 | 16.0
Shields        | 2 5 |  5.0
Armour         | 2 5 9 |  9.6

Action                   |  1- 3 |  4- 6 |  7- 9 | 10-12 || total
-------------------------+-------+-------+-------+-------++-------
Melee: Hand axe          |    50 |    26 |   488 |       ||   564
       Punch             |       |       |     8 |       ||     8
       War axe           |       |       |    18 |   479 ||   497
       Dire flail        |       |       |     6 |       ||     6
 Fire: Sling             |    81 |   111 |    81 |       ||   273
Throw: Boomerang         |       |       |    24 |     3 ||    27
       Dart              |       |       |     5 |    22 ||    27
       Throwing net      |       |       |     1 |     4 ||     5
Invok: Sacrifice Love    |       |       |     1 |       ||     1
       Sacrifice Drink   |       |       |       |     1 ||     1
Evoke: Wand              |       |       |     3 |    21 ||    24
  Use: Scroll            |     7 |     3 |     6 |     8 ||    24
       Potion            |     1 |     4 |     6 |     5 ||    16
 Stab: Sleeping          |     2 |       |       |       ||     2
       Held in net/web   |       |       |     1 |     3 ||     4
       Distracted        |       |       |     1 |       ||     1
       Petrified         |       |       |       |     1 ||     1
Armor: Robe              |    15 |       |       |       ||    15
       Leather armour    |     5 |     1 |       |       ||     6
       Scale mail        |       |    64 |   221 |   150 ||   435
       Skin              |       |       |     5 |       ||     5
Dodge: Dodged            |    67 |    56 |   199 |   148 ||   470
Block: Buckler           |       |       |     3 |    64 ||    67

Table legend: (Time is in decaauts)
 A = Elapsed time spent in this place.
 B = Non-inter-level travel time spent in this place.
 C = Inter-level travel time spent in this place.
 D = Time resting spent in this place.
 E = Time spent auto-exploring this place.
 F = Levels seen in this place.
 G = Mean time per level.
                   A        B        C        D        E       F      G
               +--------+--------+--------+--------+--------+-----+--------+
         Total |  11964 |  11105 |    859 |    371 |   7868 |  12 |  997.0 |
       Dungeon |  10405 |   9621 |    784 |    283 |   6796 |   9 | 1156.1 |
        Temple |    218 |    174 |     44 |      0 |    157 |   1 |  218.0 |
          Lair |   1340 |   1309 |     31 |     88 |    913 |   2 |  670.0 |
               +--------+--------+--------+--------+--------+-----+--------+

Top non-repeatable levels by time:
     D:7: 1759 daAuts
     D:5: 1619 daAuts
     D:6: 1381 daAuts
     D:9: 1168 daAuts
     D:8: 1041 daAuts
     D:2: 1026 daAuts
  Lair:1: 1006 daAuts
     D:1: 951 daAuts
     D:3: 746 daAuts
     D:4: 711 daAuts
  Lair:2: 333 daAuts
  Temple: 218 daAuts
